 Dungeon Crawl Stone Soup version 0.28.0-53-g5a82cb258f (webtiles) character file.

Game seed: 6956294069141202126

703 arlandor the Magician (level 7, -5/49 HPs)
             Began as a Djinni Fire Elementalist on June 12, 2022.
             Slain by an orc priest
             ... wielding a +0 mace
              (9 damage)
             ... on level 5 of the Dungeon.
             The game lasted 00:13:26 (5754 turns).

arlandor the Magician (Djinni Fire Elementalist)    Turns: 5754, Time: 00:13:27

Health: -5/49      AC:  2    Str:  7    XL:     7   Next: 99%
Gold:   179        EV: 12    Int: 18    God:
                   SH:  0    Dex: 14

rFire   + + .      SeeInvis .   p - +2 flail (holy)
rCold   x . .      Faith    .   (no shield)
rNeg    . . .      Spirit   .   a - +0 robe
rPois   ∞          Reflect  .   (no helmet)
rElec   .          Harm     .   (no cloak)
rCorr   .          Rampage  .   (no gloves)
Will    .....                   (boots unavailable)
Stlth   ++........              (no amulet)
HPRegen 0.16/turn               (no ring)
MPRegen 0.00/turn               (no ring)

@: flying
A: sickness immunity, fire resistance 2, cold vulnerability 1, float, innate
caster, HP casting, extra vitality 1
a: no special abilities


You were on level 5 of the Dungeon.
You visited 1 branch of the dungeon, and saw 5 of its levels.

You collected 179 gold pieces.

Inventory:

Hand Weapons
 p - a +2 flail of holy wrath (weapon)
Missiles
 b - 122 stones
Armour
 a - a +0 robe (worn)
 i - the +5 plate armour "Tacid" {rElec rF+ rC+ Stlth-}
   (You found it on level 2 of the Dungeon)

   rF:        It protects you from fire.
   rC:        It protects you from cold.
   rElec:     It insulates you from electricity.
   Stlth:     It makes you less stealthy.
Wands
 n - a wand of iceblast (24)
Scrolls
 c - 3 scrolls of amnesia {unknown}
 f - 3 scrolls of fog {unknown}
 g - 3 scrolls of teleportation {unknown}
 k - 3 scrolls of identify {unknown}
 o - a scroll of vulnerability {unknown}
Potions
 d - a potion of curing {unknown}
 h - a potion of haste {unknown}
 j - a potion of degeneration {unknown}
 l - a potion of brilliance {unknown}
 m - a potion of lignification {unknown}


   Skills:
 * Level 2.5 Fighting
 + Level 0.6 Short Blades
 + Level 2.6 Dodging
 + Level 2.4 Stealth
 * Level 5.9 Spellcasting
 * Level 0.2 Evocations


You couldn't memorise any spells.
You knew the following spells:

 Your Spells              Type           Power      Damage    Failure   Level
a - Foxfire               Conj/Fire      100%       2x1d9     1%          1
b - Scorch                Fire           52%        2d8       1%          2
c - Conjure Flame         Conj/Fire      26%        6-21      3%          3
d - Inner Flame           Hex/Fire       26%        N/A       3%          3
e - Flame Wave            Conj/Fire      26%        2d7       11%         4
f - Freeze                Ice            100%       1d11      1%          1
g - Corpse Rot            Necr/Air       52%        N/A       1%          2
h - Teleport Other        Tloc           26%        N/A       3%          3
Your spell library was empty.

Dungeon Overview and Level Annotations

Branches:
Dungeon (5/15)
 Temple: D:4-7

Altars:
Ashenzari
Hepliaklqana
Kikubaaqudgha
Okawaru
Trog

Shops:
D:2 (


Innate Abilities, Weirdness & Mutations

You are immune to sickness and miasma.
You are immune to poison.
Your flesh is very heat resistant. (rF++)
You are vulnerable to cold. (rC-)
You float through the air rather than walking.
You learn spells naturally, not from books.
Your magical power is your life essence.
You have superior vitality. (+4 MHP)


Message History

You hear a shout!
The orc priest looks satisfied for a moment.
An orc comes into view. It is wielding a +0 war axe.
Casting: Scorch (safe; 1% risk of failure)
Confirm with . or Enter, or press ? or * to list all spells.
Flames lash the orc.
You kill the orc!
Casting: Scorch (safe; 1% risk of failure)
Confirm with . or Enter, or press ? or * to list all spells.
Flames lash the orc priest.
The orc priest is heavily wounded.
The orc priest's fire resistance burns away.
The orc priest looks encouraged for a moment.
You barely miss the orc priest.
The orc priest is heavily wounded.
An orc comes into view. It is wielding a +0 flail.
The orc priest hits you with a +0 mace.
You hit the orc priest.
The orc priest is heavily wounded.
The orc hits you with a +0 war axe! The orc priest misses you.
Casting: Scorch (safe; 1% risk of failure)
Confirm with . or Enter, or press ? or * to list all spells.
Flames lash the orc.
You kill the orc!
The orc priest is no longer more vulnerable to fire.
The orc priest calls down the wrath of Beogh upon you.
Pain shoots through your body!
* * * LOW HITPOINT WARNING * * *
You hit the orc priest.
The orc priest is severely wounded.
The orc priest hits you with a +0 mace.
* * * LOW HITPOINT WARNING * * *
The orc hits you but does no damage.
Casting: Scorch (safe; 1% risk of failure)
Confirm with . or Enter, or press ? or * to list all spells.
You don't have enough health to cast this spell.
You barely miss the orc priest.
The orc priest is severely wounded.
The orc priest hits you with a +0 mace!
You die...

#........# #..
#######........#
#..
#...........#### ##
#.. #...........#
...##..
#...........# .....
#...........# .).
#...........+
###o##...........#
#..o@).#####.......
..........#
#.......
..........# ......
..........#
..........#
..........#
###########


You could see an orc priest and an orc.

Vanquished Creatures
  An ogre (D:4)
  A black bear (D:4)
  A bullfrog (D:3)
  A scorpion (D:4)
  A howler monkey (D:5)
  An orc priest (D:4)
  A hound (D:3)
  A bullfrog skeleton (D:4)
  Terence (D:2)
  An orc wizard (D:5)
  A hound skeleton (D:4)
  6 gnolls
  4 adders
  An adder skeleton (D:4)
  3 worms (D:2)
  3 dart slugs
  13 orcs
  5 bats
  3 endoplasms
  6 giant cockroaches
  11 goblins
  2 hobgoblins
  7 jackals
  9 kobolds
  5 quokkas
  8 ball pythons
  4 frilled lizards
  7 rats
108 creatures vanquished.

Vanquished Creatures (others)
  40 foxfires
40 creatures vanquished.

Grand Total: 148 creatures vanquished

Notes
Turn   | Place    | Note
-------+----------+-------------------------------------------
     0 | D:1      | arlandor the Djinni Fire Elementalist began the quest for
                  | the Orb.
     0 | D:1      | Reached XP level 1. HP: 15/15 MP: 0/0
   258 | D:1      | Reached XP level 2. HP: 16/21 MP: 0/0
   470 | D:1      | Reached skill level 3 in Spellcasting
   486 | D:1      | Reached XP level 3. HP: 23/26 MP: 0/0
   486 | D:1      | Learned a level 1 spell: Freeze
  1183 | D:2      | Identified the +5 plate armour "Tacid" {rElec rF+ rC+
                  | Stlth-}
  1348 | D:2      | Noticed Terence
  1355 | D:2      | Killed Terence
  1356 | D:2      | Reached XP level 4. HP: 8/31 MP: 0/0
  1678 | D:2      | Found Noohyut's Antique Weapon Emporium.
  1795 | D:2      | Reached skill level 1 in Fighting
  2148 | D:2      | Reached XP level 5. HP: 10/37 MP: 0/0
  2148 | D:2      | Learned a level 2 spell: Corpse Rot
  2712 | D:3      | Found a broken altar of Ashenzari.
  2976 | D:3      | Reached skill level 4 in Spellcasting
  3325 | D:3      | Found an iron altar of Okawaru.
  3375 | D:3      | Found a bloodstained altar of Trog.
  3387 | D:3      | Reached XP level 6. HP: 38/42 MP: 0/0
  4936 | D:4      | Noticed a black bear
  4952 | D:4      | Reached skill level 5 in Spellcasting
  4952 | D:4      | Reached XP level 7. HP: 27/49 MP: 0/0
  4952 | D:4      | Learned a level 3 spell: Teleport Other
  5502 | D:4      | Found a hazy altar of Hepliaklqana.
  5678 | D:5      | Entered Level 5 of the Dungeon
  5754 | D:5      | Slain by an orc priest

Illustrated notes

Levels and vault maps discovered:
D:1:      ebering_hopf_link, layout_rooms, dk_noncrumbling_2, interstate_on_off
D:2:      minmay_diamond_boxcup, layout_rooms, serial_shops, shop, uniq_terence
D:3:      minmay_evil_eye, layout_basic, mainiacjoe_overflow_cross_hatched,
          lemuel_doored_altar, mainiacjoe_overflow_catch_the_wave
D:4:      wander_river, layout_rooms, nzn_hepliaklqana_mist_gate
D:5:      layout_gridville, grunt_temple_overflow_open, st_stairs_4,
          corexii_shack

Skill      XL: |  1  2  3  4  5  6 |
---------------+-------------------+-----
Spellcasting   | 3 4 5 |  5.9
Stealth        | 2 |  2.4
Fighting       | 1 2 |  2.5
Short Blades   | |  0.6
Dodging        | |  2.6
Evocations     | |  0.2

Action                   |  1- 3 |  4- 6 |  7- 9 || total
-------------------------+-------+-------+-------++-------
Melee: Short sword       |    25 |    15 |       ||    40
       Flail             |       |       |     5 ||     5
 Cast: Foxfire           |    16 |     1 |     6 ||    23
       Scorch            |    17 |    78 |    19 ||   114
       Freeze            |     1 |     1 |       ||     2
 Stab: Sleeping          |       |     1 |       ||     1
Armor: Robe              |     7 |     6 |     1 ||    14
Dodge: Dodged            |    25 |    33 |     4 ||    62
